daggerhack, chaotic female elven Rogue --------- ----------- --.......| |.........| |........-- |...../...| ---.`---..| |.........| |..| |..| |.........| ----.---|..| |....<....| |.......|..| |.........| |.......|..| |.........| |..........| |.........| |..........-------------|| --.....--..........%@')..| --.....------------------ ---.>...| ------- daggerhack the Rogue Experience level: 6 Strength: 16 Dexterity: 18 Constitution: 15 Intelligence: 10 Wisdom: 10 Charisma: 8 Health: 0(43) Energy: 27(27) Def: 7 Gold: 546 Moves: 3255 Dungeon seed: oCjwOAsdc-oCjWbb Game ID: daggerhack_1433253953 Your Inventory: Coins $ - 546 gold pieces Weapons b - 2 uncursed +0 elven daggers (in quiver) w - an uncursed +0 elven dagger named Shivtastic (weapon in hand) V - a blessed +0 orcish dagger Armor e - an uncursed +1 leather armor (being worn) n - an uncursed +2 orcish helm (being worn) q - an uncursed +0 pair of speed boots (being worn) Comestibles i - 2 uncursed tins of werejackal meat C - an uncursed eucalyptus leaf D - 3 uncursed cherries S - 7 uncursed food rations U - 2 uncursed sprigs of wolfsbane Z - an uncursed egg Scrolls h - a cursed scroll of identify Rings u - an uncursed +1 ring of protection W - an uncursed ring of searching Wands y - an uncursed wand of sleep (0:3) A - an uncursed wand of striking (0:6) Tools g - an uncursed blindfold k - an uncursed lock pick v - an uncursed leash B - an uncursed sack J - an uncursed leash Gems r - an uncursed worthless piece of blue glass Contents of the sack: 1281 gold pieces an uncursed cherry an uncursed lichen corpse an uncursed scroll of confuse monster 2 uncursed scrolls of earth an uncursed scroll of light an uncursed scroll of remove curse an uncursed scroll of teleportation an uncursed potion of blindness an uncursed potion of booze an uncursed potion of healing an uncursed ring of sustain ability Spells known in the end: Name Level Category Fail Memory Your skills at the end: Fighting Skills Weapon Skills dagger [Skilled] short sword [Basic] Spellcasting Skills Final Attributes: You were piously aligned. You were sleep resistant. You had infravision. You were stealthy. You were held by a rope golem. You were very fast. You are dead. Vanquished creatures: 2 wolves a giant spider a dwarf mummy a werewolf a gnome mummy 2 elf zombies a baby crocodile 2 floating eyes a kitten a kobold lord a kobold shaman 4 dwarf zombies a wererat 2 werejackals 2 iguanas an acid blob 2 hobbits a giant rat a cave spider a green mold a red mold 9 manes a gnome zombie 5 jackals 2 goblins 2 sewer rats a grid bug 3 lichens 5 newts 58 creatures vanquished. Voluntary challenges: You used a wielded weapon 29 times, starting on turn 191. You read items or engraved 1 time, starting on turn 3240. You never genocided any monsters. You never polymorphed an object. You never changed form. You used no wishes. You never split a pudding. You wrote Elbereth's name 1 time, starting on turn 3240. You never violated your personal moral code. Dungeon overview: The Dungeons of Doom: levels 1 to 9 Level 1 (vault) a long staircase Level 2 a general store, a fountain Level 3 a fountain stairs to The Gnomish Mines Level 4 (stash) some altars to Issek and Mog, a fountain Level 5 some fountains Level 6 a fountain Level 7 (delphi) many fountains Level 8 stairs to Sokoban Level 9 The Gnomish Mines: Level 4 stairs to The Dungeons of Doom Sokoban: levels 6 to 7 Level 6 <- You were here Level 7 stairs to The Dungeons of Doom History has recorded: On T:1 you entered the Dungeons of Doom to retrieve the Amulet of Yendor! On T:143 you reached level 2 of The Dungeons of Doom. On T:580 you reached level 3 of The Dungeons of Doom. On T:1284 you advanced to experience level 2. On T:1334 you reached level 1 of The Gnomish Mines. On T:1443 you reached level 4 of The Dungeons of Doom. On T:1493 you advanced to experience level 3. On T:1540 you reached level 5 of The Dungeons of Doom. On T:1755 you reached level 6 of The Dungeons of Doom. On T:1999 you advanced to experience level 4. On T:2099 you reached level 7 of The Dungeons of Doom. On T:2529 you advanced to experience level 5. On T:2552 you reached level 8 of The Dungeons of Doom. On T:2614 you reached level 9 of The Dungeons of Doom. On T:2682 you reached level 4 of Sokoban. On T:2864 you advanced to experience level 6. On T:2903 you reached level 3 of Sokoban. Score breakdown: Gold: 1827 (11096 points) Experience: 6 levels (12456 points) Exploration: 9 levels ( 18.00%) (12121 points) Discoveries: 7 items ( 2.42%) ( 4668 points) Valuables value: (no points given unless you survive) Artifact value: 0 ( 0 points) Variety of kills: 29 monsters ( 7.65%) ( 8298 points) Time penalty: 3255 turns ( -720 points) Survival: died (score multiplied by 80%) Total score: 38335 Latest messages: You cannot escape from the rope golem! The rope golem hits! (2x) You are being choked. You die... Final status: Goodbye daggerhack the Rogue, killed by a rope golem... You died in Sokoban on dungeon level 6 with 38335 points, and 1827 pieces of gold, after 3255 moves. You were level 6 with a maximum of 43 hit points when you died.